 Dungeon Crawl Stone Soup version 0.27.1-34-g3ba077fa99 (webtiles) character file.

Game seed: 14860840661888945313

11 comborobin the Sneak (level 2, -3/23 HPs)
             Began as a Vampire Delver on Jan 8, 2022.
             Slain by an ice beast (7 damage)
             ... on level 5 of the Dungeon.
             The game lasted 00:00:30 (87 turns).

comborobin the Sneak (Vampire Delver)                 Turns: 87, Time: 00:00:31

Health: -3/23      AC:  3    Str: 11    XL:     2   Next: 13%
Magic:  5/11       EV: 12    Int: 12    God:
Gold:   0          SH:  0    Dex: 15    Spells: 1/1 levels left

rFire    . . .     SeeInvis +   g - +1 hand axe (elec)
rCold    . . .     Faith    .   (no shield)
rNeg     . . .     Spirit   .   a - +0 leather armour
rPois    .         Reflect  .   (no helmet)
rElec    .         Harm     .   (no cloak)
rCorr    .         Rampage  .   (no gloves)
Will     .....                  (no boots)
Stlth    ++++......             (no amulet)
HPRegen  0.27/turn              c - ring of magical power
MPRegen  0.12/turn              (no ring)

@: healing quickly, hasted, very quick
A: alive, fangs 3, see invisible, vampiric 1
a: Exsanguinate


You were on level 5 of the Dungeon.
You visited 1 branch of the dungeon, and saw 2 of its levels.

Inventory:

Hand Weapons
 g - a +1 hand axe of electrocution (weapon)
Armour
 a - a +0 leather armour (worn)
Jewellery
 c - a ring of magical power (left hand)
Wands
 f - a wand of digging (3)
Scrolls
 b - a scroll of fog
 d - a scroll of fear
Potions
 e - a potion of haste


   Skills:
 + Level 2.7 Fighting
 + Level 2.2 Dodging
 + Level 7.8 Stealth
 + Level 2.2 Unarmed Combat


You had one spell level left.
You didn't know any spells.
Your spell library was empty.

Dungeon Overview and Level Annotations

Branches:
Dungeon (6/15)
 Temple: D:4-7

Altars:


Innate Abilities, Weirdness & Mutations

Your natural rate of healing is accelerated.
You have razor-sharp teeth.
You have supernaturally acute eyesight. (SInv)
You are afflicted with vampirism.


Message History

The ice beast closely misses you.
You closely miss the orc.
The orc is severely wounded.
The orc misses you.
You hit the orc.
You kill the orc!
The ice beast hits you but does no damage.
Things that are here:
a +1 hand axe of electrocution; a +0 leather armour
g - a +1 hand axe of electrocution You closely miss the ice beast.
Your bite misses the ice beast. The ice beast hits you.
The ice beast freezes you!
You hit the ice beast but do no damage.
You bite the ice beast, but do no damage.
The ice beast closely misses you.
You hear the crackle of electricity.
g - a +1 hand axe of electrocution (weapon)
You hit the ice beast but do no damage. You slash the ice beast!
The ice beast is moderately wounded.
The ice beast barely misses you.
You hit the ice beast. Your bite misses the ice beast.
The ice beast is moderately wounded.
The ice beast completely misses you.
You barely miss the ice beast.
The ice beast is moderately wounded.
The ice beast hits you. The ice beast freezes you!
* * * LOW HITPOINT WARNING * * *
You closely miss the ice beast.
The ice beast is moderately wounded.
The ice beast barely misses you.
You closely miss the ice beast.
The ice beast is moderately wounded.
The ice beast closely misses you.
You closely miss the ice beast.
The ice beast is moderately wounded.
The ice beast hits you.
* * * LOW HITPOINT WARNING * * *
The ice beast freezes you!
You die...

...# #....# #.# .....# ..# #....#
#.##.....# ..####....# #........#
#...##....# #........+ ## .
#.#.#.....######........# ..##.
..#>#.##.................# ...#..
.......'.................# [..o.
..###.##.................# ...#
......##.......Y@........##...##
..######..........#..<...†.....##
# #..........#.............#
#..........###+#..........
#..[.......# #..........
#............# #..........
#.........(#.# #..........
########.#.#.# #.......... #.#.#
# #...[......


You could see an ice beast.

Vanquished Creatures
  An adder (D:5)
  An orc (D:5)
2 creatures vanquished.

Notes
Turn   | Place    | Note
-------+----------+-------------------------------------------
     0 | D:5      | comborobin the Vampire Delver began the quest for the Orb.
     0 | D:5      | Reached XP level 1. HP: 17/17 MP: 1/1
    39 | D:5      | Reached XP level 2. HP: 22/23 MP: 2/2
    39 | D:5      | Noticed an ice beast
    87 | D:5      | Slain by an ice beast

Illustrated notes

Levels and vault maps discovered:
D:5:      layout_basic, lemuel_round_altar, cheibrodos_sewer_entry_bend,
          uniq_blork_the_orc
D:6:      minmay_polygon_palace, layout_cave_pools, enter_ossuary_1,
          hangedman_decor_peaks_small, chequers_serial_rivers_large_b

Action                   || total
-------------------------++-------
Melee: Unarmed           ||    14
       Bite              ||     2
       Hand axe          ||     7
  Use: Scroll            ||     1
       Potion            ||     1
Armor: Leather armour    ||     3
Dodge: Dodged            ||    17
